 Dungeon Crawl Stone Soup version 0.28-a0-1638-g9123634e07 (webtiles) character file.

Game seed: 14940721114387226876

125 fragbeetle the Chopper (level 5, 0/47 HPs)
             Began as a Hill Orc Cinder Acolyte on Jan 26, 2022.
             Was a High Priest of Ignis.
             Slain by a gnoll (10 damage)
             ... on level 2 of the Dungeon.
             The game lasted 00:02:51 (2650 turns).

fragbeetle the Chopper (Hill Orc Cinder Acolyte)    Turns: 2650, Time: 00:02:52

Health: 0/47       AC:  2    Str: 19    XL:     5   Next: 9%
Magic:  0/7        EV: 11    Int: 14    God:    Ignis [*****.]
Gold:   108        SH:  0    Dex:  6    Spells: 4/6 levels left

rFire   + . .      SeeInvis .   a - -1 hand axe (flame)
rCold   . . .      Faith    .   (no shield)
rNeg    + . .      Spirit   .   b - +0 robe
rPois   .          Reflect  .   (no helmet)
rElec   .          Harm     .   (no cloak)
rCorr   .          Rampage  .   (no gloves)
Will    .....                   (no boots)
Stlth   +.........              (no amulet)
HPRegen 0.15/turn               i - ring of positive energy
MPRegen 0.10/turn               (no ring)

@: no status effects
A: no striking features
a: Renounce Religion, Fiery Armour, Foxfire Swarm, Rising Flame


You were on level 2 of the Dungeon.
You worshipped Ignis.
Ignis was extremely pleased with you.
You visited 1 branch of the dungeon, and saw 3 of its levels.

You collected 108 gold pieces.

Inventory:

Hand Weapons
 a - a -1 hand axe of flaming (weapon)
 e - a +1 short sword of electrocution
Armour
 b - a +0 robe (worn)
Jewellery
 i - a ring of positive energy (left hand)
Scrolls
 d - a scroll of identify {unknown}
 g - a scroll of holy word {unknown}
 k - a scroll of noise {unknown}
 l - a scroll of acquirement {unknown}
Potions
 c - 3 potions of degeneration {unknown}
 f - a potion of lignification {unknown}
 h - 4 potions of curing {unknown}
 j - a potion of haste {unknown}


   Skills:
 + Level 4.3 Fighting
 * Level 5.4 Axes
 + Level 1.4 Spellcasting
 * Level 4.5 Fire Magic


You had 4 spell levels left.
You knew the following spells:

 Your Spells              Type           Power      Damage    Failure   Level
a - Scorch                Fire           26%        2d6       6%          2

Your spell library contained the following spells:

 Spells                   Type           Power      Damage    Failure   Level
 Sandblast                Erth           2%         2d4       26%         1
 Passwall                 Tmut/Erth      0%         N/A       36%         2
 Stone Arrow              Conj/Erth      2%         3d7       58%         3


Dungeon Overview and Level Annotations

Branches:
Dungeon (3/15)

Altars:
Fedhas


Message History

The gnoll hits you with a +0 whip!
You barely miss the gnoll.
The gnoll is heavily wounded.
You closely miss the gnoll. You hit the frilled lizard.
You burn the frilled lizard.
You kill the frilled lizard!
The gnoll hits you with a +0 whip.
You hit the gnoll. You burn the gnoll.
The gnoll is heavily wounded.
You hit the gnoll. You burn the gnoll.
The gnoll is no longer more vulnerable to fire.
The gnoll closely misses you. The gnoll hits you with a +0 whip.
The gnoll barely misses you. The gnoll closely misses you.
Unknown command.
The gnoll hits you with a +0 whip.
The gnoll hits you from afar with a +0 spear.
The gnoll barely misses you.
You climb upwards.
There is a stone staircase leading down here.
You barely miss the gnoll.
The gnoll is severely wounded.
You hit the gnoll but do no damage. The gnoll hits you with a +0 whip.
The gnoll closely misses you.
Unknown command.
You hit the gnoll but do no damage.
The gnoll is severely wounded.
You hit the gnoll but do no damage. The gnoll barely misses you. x2
You hit the gnoll. You burn the gnoll.
You kill the gnoll!
You barely miss the gnoll. The gnoll hits you with a +0 whip.
* * * LOW HITPOINT WARNING * * *
You have reached level 5!
You feel stronger.
You are too injured to fight recklessly!
Casting: Scorch (safe; 6% risk of failure)
Confirm with . or Enter, or press ? or * to list all spells.
Flames lash the gnoll.
The gnoll is almost dead.
The gnoll's fire resistance burns away.
The gnoll hits you with a +0 whip!
You die...

#.# #.#.# #...........
#.###.#.# #.#.#######.
#.....#.# #.#.# #.
#.[####.######.#.# ##
###..##...#......#.#
#....##.###.######.#
#.##.##.# #.# ####.####
#.##.##.###.# #.......#
#.#......g@.# #.#####.#
##.#.#######.###.# #.#
##....# #.#...# #.# #
#...>.# #.#.#.# #.# #
#.)..)# #.....#####.# #
#.....# #.>.#.......#####
##....# #.....÷...#......
####.#######..÷#####.#######
#.........#.# #.#######


You could see a gnoll (combustible).

Vanquished Creatures
  A water moccasin skeleton (D:2)
  2 gnolls
  4 worms (D:2)
  3 endoplasms
  2 giant cockroaches (D:2)
  3 goblins
  3 hobgoblins
  9 jackals
  A quokka (D:2)
  3 ball pythons
  2 bats (D:2)
  5 frilled lizards
  4 kobolds
  5 rats
47 creatures vanquished.

Notes
Turn   | Place    | Note
-------+----------+-------------------------------------------
     0 | D:1      | fragbeetle the Hill Orc Cinder Acolyte began the quest for
                  | the Orb.
     0 | D:1      | Reached XP level 1. HP: 19/19 MP: 2/2
   511 | D:1      | Reached XP level 2. HP: 16/27 MP: 3/3
   528 | D:1      | Learned a level 2 spell: Scorch
  1497 | D:2      | Reached XP level 3. HP: 33/33 MP: 4/4
  1807 | D:2      | Found a blossoming altar of Fedhas.
  1911 | D:2      | Reached skill level 5 in Axes
  1911 | D:2      | Reached XP level 4. HP: 19/40 MP: 0/5
  2641 | D:2      | Reached XP level 5. HP: 9/47 MP: 1/7
  2650 | D:2      | Slain by a gnoll

Illustrated notes

Levels and vault maps discovered:
D:1:      matt_arrival_spirals, layout_basic
D:2:      layout_loops_ring, basic_altar
D:3:      layout_basic, zin_statuary,
          dreamdust_ecumenical_altar_hidden_monk_grotto

Skill      XL: |  1  2  3 |
---------------+----------+-----
Fighting       | 4 |  4.3
Axes           | 5 |  5.4
Fire Magic     | 4 |  4.5
Spellcasting   | |  1.4

Action                   |  1- 3 |  4- 6 || total
-------------------------+-------+-------++-------
Melee: Hand axe          |    91 |    35 ||   126
       Punch             |     1 |       ||     1
 Cast: Scorch            |     7 |     7 ||    14
Armor: Robe              |    22 |     2 ||    24
Dodge: Dodged            |    55 |    26 ||    81

Table legend: (Time is in decaauts)
 A = Elapsed time spent in this place.
 B = Non-inter-level travel time spent in this place.
 C = Inter-level travel time spent in this place.
 D = Time resting spent in this place.
 E = Time spent auto-exploring this place.
 F = Levels seen in this place.
 G = Mean time per level.
                   A        B        C        D        E       F      G
               +--------+--------+--------+--------+--------+-----+--------+
         Total |   2658 |   2626 |     32 |    161 |   2118 |   3 |  886.0 |
       Dungeon |   2658 |   2626 |     32 |    161 |   2118 |   3 |  886.0 |
               +--------+--------+--------+--------+--------+-----+--------+

Top non-repeatable levels by time:
     D:1: 1465 daAuts
     D:2: 1183 daAuts
     D:3: 8 daAuts
